 Dungeon Crawl Stone Soup version 0.28.0 (webtiles) character file.

Game seed: 13106203649753073593

108 Gabide the Bolt Thrower (level 4, -3/34 HPs)
             Began as a Barachi Hunter on Feb 17, 2022.
             Slain by Crazy Yiuf (9 damage)
             ... on level 3 of the Dungeon.
             The game lasted 00:07:21 (2276 turns).

Gabide the Bolt Thrower (Barachi Hunter)            Turns: 2276, Time: 00:07:22

Health: -3/34      AC:  4    Str: 13    XL:     4   Next: 87%
Magic:  4/4        EV: 12    Int: 11    God:
Gold:   96         SH:  0    Dex: 15    Spells: 3/3 levels left

rFire   . . .      SeeInvis .   a - +1 hand crossbow (flame)
rCold   . . .      Faith    .   (no shield)
rNeg    . . .      Spirit   .   c - +0 leather armour
rPois   .          Reflect  .   (no helmet)
rElec   .          Harm     +   p - scarf {harm}
rCorr   .          Rampage  .   (no gloves)
Will    .....                   m - +0 pair of boots
Stlth   +.........              (no amulet)
HPRegen 0.11/turn               (no ring)
MPRegen 0.09/turn               (no ring)

@: unable to hop, slow
A: amphibious, slowness 1, strong legs 1, +LOS
a: Hop


You were on level 3 of the Dungeon.
You visited 1 branch of the dungeon, and saw 3 of its levels.

You collected 96 gold pieces.

Inventory:

Hand Weapons
 a - a +1 hand crossbow of flaming (weapon)
 h - a +1 dagger of venom
Missiles
 d - 5 bolts (quivered ammo)
Armour
 c - a +0 leather armour (worn)
 m - a +0 pair of boots (worn)
 p - a scarf of harm (worn)
Wands
 o - a wand of iceblast (7)
Scrolls
 g - a scroll of noise
Potions
 f - a potion of brilliance
 i - a potion of attraction {unknown}
 k - a potion of invisibility {unknown}
 l - a potion of magic {unknown}


   Skills:
 * Level 2.5 Fighting
 + Level 0.1 Short Blades
 * Level 5.8 Crossbows
 + Level 0.7 Armour
 * Level 2.3 Dodging
 + Level 1.0 Stealth


You had 3 spell levels left.
You didn't know any spells.
Your spell library contained the following spells:

 Spells                   Type           Power      Damage    Failure   Level
 Apportation              Tloc           0%         N/A       41%         1
 Alistair's Intoxication  Tmut/Pois      0%         N/A       100%        5


Dungeon Overview and Level Annotations

Branches:
Dungeon (3/15)

Altars:

Shops:
D:3 (

Annotations:
D:3 Crazy Yiuf


Innate Abilities, Weirdness & Mutations

You are amphibious.
You cover ground slowly.
You can hop short distances.
You have an extended range of vision and can be seen from far away.


Message History

f - a potion of brilliance Blink to where?
Press: ? - help, Dir - move target
As you read the scroll labelled OTSENITROS, it crumbles to dust.
It was a scroll of blinking.
d - 8 bolts (gained 1)
Found a mace.
Found a runed translucent door.
Okay, then.
Crazy Yiuf cries, "Rifle verde King!"
Crazy Yiuf laughs, "Spliff ena cloud!"
Press: ? - help, v - describe, . - travel
Here: Crazy Yiuf, wielding a +4 quarterstaff of chaos and wearing a +0 cloak (fire blocked by a runed translucent door)
The floor.
You open the door.
Hop to where?
Press: ? - help, Dir - move target Boing!
You shoot a bolt.
The bolt hits Crazy Yiuf but does no damage.
You shoot a bolt. The bolt closely misses Crazy Yiuf.
Crazy Yiuf says, "Spliff high tea!"
Crazy Yiuf hits you with a +4 quarterstaff of chaos.
Crazy Yiuf freezes you.
Okay, then.
Crazy Yiuf hits you with a +4 quarterstaff of chaos!
Crazy Yiuf whimpers, "Race!
Liver foot wrapper."
Fire: 6 bolts
Press: ? - help, Q - select action, (/) - cycle Shift-Dir - straight line, f/p - Crazy Yiuf
Aim: Crazy Yiuf, wielding a +4 quarterstaff of chaos and wearing a +0 cloak (69% to hit)
You shoot a bolt. The bolt closely misses Crazy Yiuf.
Crazy Yiuf hits you with a +4 quarterstaff of chaos!
* * * LOW HITPOINT WARNING * * *
Crazy Yiuf burns you.
* * * LOW HITPOINT WARNING * * *
Crazy Yiuf says, "You alas head!"
Crazy Yiuf barely misses you.
Crazy Yiuf hits you with a +4 quarterstaff of chaos.
* * * LOW HITPOINT WARNING * * *
Crazy Yiuf hits you with a +4 quarterstaff of chaos!
You die...

#.##.# #.# #.# #.##.# #.#
#.#####♣♣ #.##.# #.#
#.##....♣♣ ♣♣#. #####.##.#
#.###.#......♣♣♣♣('.
...##.##.#
#...........(.♣..♣#.
##..(.##.#
###..........♣.♣♣♣ #.#####.#
####...#####♣♣♣♣♣ #.#####.##
#...g.....# #........#
#...@.....##########
#.######.#
#.........#.#.##.#.## #.#
#.# ####.........##.###.#
##.# #.# #...####.####.#.##
...# #.# #...# #.# ##.##
####### #.# ##..# #.# #.#
......###.# #..# #.# #.#
#####.....####
#..####.#####.#
##.######.####.............#


You could see Crazy Yiuf.

Vanquished Creatures
  Robin (D:3)
  3 adders
  A dart slug (D:3)
  An orc (D:3)
  9 ball pythons
  4 bats
  7 endoplasms
  9 goblins
  8 hobgoblins
  3 jackals (D:2)
  2 kobolds (D:2)
  4 quokkas
  3 frilled lizards
  4 rats
59 creatures vanquished.

Notes
Turn   | Place    | Note
-------+----------+-------------------------------------------
     0 | D:1      | Gabide the Barachi Hunter began the quest for the Orb.
     0 | D:1      | Reached XP level 1. HP: 17/17 MP: 1/1
   100 | D:1      | Reached XP level 2. HP: 23/23 MP: 2/2
   434 | D:1      | Reached XP level 3. HP: 28/28 MP: 3/3
   534 | D:1      | Found a faded altar of an unknown god.
   749 | D:2      | Reached skill level 5 in Crossbows
  1238 | D:2      | Reached XP level 4. HP: 34/34 MP: 4/4
  1657 | D:3      | Found Isuas's Antique Weapon Shoppe.
  1848 | D:3      | Noticed Robin
  1862 | D:3      | Killed Robin
  1927 | D:3      | Reached skill level 1 in Stealth
  2253 | D:3      | Found a runed translucent door.
  2254 | D:3      | Noticed Crazy Yiuf
  2276 | D:3      | Slain by Crazy Yiuf

Illustrated notes

Levels and vault maps discovered:
D:1:      minmay_arrival_stair_chambers, layout_loops_ring,
          dreamdust_ecumenical_altar_angels_and_demons
D:2:      layout_loops_ring
D:3:      layout_loops_ring, serial_shops, shop_fountains, uniq_robin,
          uniq_crazy_yiuf_cottage

Skill      XL: |  1  2  3  4 |
---------------+-------------+-----
Crossbows      | 5 |  5.8
Stealth        | 1 |  1.0
Fighting       | |  2.5
Short Blades   | |  0.1
Armour         | |  0.7
Dodging        | |  2.3

Action                   |  1- 3 |  4- 6 || total
-------------------------+-------+-------++-------
Melee: Dagger            |       |    14 ||    14
 Fire: Hand crossbow     |    69 |    53 ||   122
 Abil: Hop               |       |     1 ||     1
  Use: Scroll            |       |     4 ||     4
Armor: Leather armour    |     4 |     5 ||     9
Dodge: Dodged            |    11 |    22 ||    33
